 Dungeon Crawl Stone Soup version 0.18.1-5-g4a78601 (webtiles) character file.

4 RKaid the Grasshopper (level 1, 0/9 HPs)
             Began as a Felid Warper on May 12, 2016.
             Slain by a bat (1 damage)
             ... on level 1 of the Dungeon.
             The game lasted 00:01:07 (318 turns).

RKaid the Grasshopper (Felid Warper)                 Turns: 318, Time: 00:01:07

Health: 0/9        AC:  1    Str:  7    XL:     1   Next: 58%
Magic:  4/4        EV: 18    Int: 14    God:
Gold:   0          SH:  0    Dex: 15    Spells: 1 memorised, 3 levels left
                                        Lives:  0   Deaths: 0

rFire  . . .     SeeInvis +       - Unarmed
rCold  . . .     Gourm    .     (armour unavailable)
rNeg   . . .     Faith    .     (shield unavailable)
rPois  .         Spirit   .     (helmet unavailable)
rElec  .         Dismiss  .     (cloak unavailable)
rCorr  .         Reflect  .     (gloves unavailable)
SustAt .         Harm     .     (boots unavailable)
MR     .....                    e - amulet of rage {+Rage, !d}
Stlth  ++........               (no ring)
                                (no ring)

@: quick, not resistant to hostile enchantments, unstealthy
A: no armour, no weapons or thrown items, claws 1, fangs 3, see invisible,
carnivore 3, speed 1, shaggy fur 1, slow metabolism 1, sharp paws
a: Evoke Berserk Rage


You were on level 1 of the Dungeon.
You were not hungry.

You visited 1 branch of the dungeon, and saw 1 of its levels.

Inventory:

Jewellery
 e - an amulet of rage (around neck) {+Rage, !d}
   (You found it on level 1 of the Dungeon)
Scrolls
 b - a scroll of blinking {!r}
Potions
 d - a potion of agility {unknown}
 f - a potion of flight {unknown}
Books
 a - a book of Spatial Translocations
Comestibles
 c - a meat ration


   Skills:
 + Level 2.0 Fighting
 - Level 3.4 Dodging
 + Level 0.0 Stealth
 + Level 2.0 Unarmed Combat
 - Level 2.0 Spellcasting
 - Level 4.5 Translocations


You had 3 spell levels left.
You knew the following spells:

 Your Spells              Type           Power        Failure   Level  Hunger
g - Apportation           Tloc           ##........   3%          1    ##.....


Dungeon Overview and Level Annotations

Branches:
Dungeon (1/15)

Altars:


Innate Abilities, Weirdness & Mutations

You cannot wear armour.
You are incapable of wielding weapons or throwing items.
You have sharp claws.
You have razor-sharp teeth.
You have supernaturally acute eyesight.
You are carnivorous and can eat meat at any time.
You cover ground quickly.
You are covered in fur (AC +1).
You have a slow metabolism.
Your sharp claws are effective at attacking unaware monsters.


Message History

Welcome, RKaid the Felid Warper.
Will you prevail where others failed? Will you find the Orb of Zot?
Press ? for a list of commands and other information.
Found a runed whip, a fuming coppery potion and a hunting sling.
Found a staircase leading out of the dungeon.
Okay, then.
d - a fuming coppery potion You see here a runed whip.
Sorry, you're not good enough to have a special ability.
As you open the door, it creaks loudly!
There is an open door here.
A bat comes into view.
The bat completely misses you. The bat misses you.
The bat closely misses you. x2
You scratch the bat.
You kill the bat!
A kobold comes into view. It is wielding a dagger.
The kobold shouts!
You completely miss the kobold. The kobold misses you.
You scratch the kobold but do no damage.
The kobold closely misses you.
You barely miss the kobold. The kobold hits you but does no damage.
You closely miss the kobold. The kobold misses you.
You barely miss the kobold. The kobold barely misses you.
You completely miss the kobold. The kobold hits you with a dagger.
You scratch the kobold but do no damage.
The kobold barely misses you.
You barely miss the kobold. The kobold barely misses you.
You claw the kobold!
You kill the kobold!
You see here a dagger.
You start resting.
e - a dented blue amulet Put on which piece of jewellery? (? for menu, Esc to quit)
e - an amulet of rage (around neck)
A dart slug comes into view.
You scratch the dart slug but do no damage.
The dart slug misses you.
You scratch the dart slug but do no damage.
The dart slug launches a dart at you. The slug dart misses you.
You scratch the dart slug. You scratch the dart slug.
The dart slug launches a dart at you. The slug dart hits you!
You scratch the dart slug.
You kill the dart slug!
You see here a dart slug corpse.
f - a black potion You see here a hand axe.
You see here a dart slug corpse.
You butcher the dart slug corpse.
g - a chunk of flesh Eating a chunk of flesh.
This raw flesh tastes great.
You continue eating. x2
You see here a hand axe.
A hobgoblin comes into view. It is wielding a club.
You see here a hand axe.
You start resting.
The hobgoblin shouts!
A kobold comes into view. It is wielding a dagger.
The kobold shouts!
The hobgoblin hits you with a club.
Ouch! That really hurt!
You barely miss the hobgoblin.
A bat comes into view.
You scratch the hobgoblin. The hobgoblin hits you with a club.
* * * LOW HITPOINT WARNING * * *
You scratch the hobgoblin but do no damage.
The hobgoblin misses you.
You see here a hand axe.
The bat barely misses you. The bat hits you.
You die...

####.....#..###
#...g.......
#...........
##....###.## ##.#.# .#
#####.#.###.#
#............ ..#
#.###.b#####.# #.# #.#
##@# .. #.# #.# #)# #.
#.# #.# #.# #.###.# #.#
#.# #..##.# #.#
#.#######....#####
#.....#................
#.###########.....#####
###########....##
.........##..#.####


You could see a bat.

Vanquished Creatures
  A dart slug (D:1)
  A kobold (D:1)
  A bat (D:1)
3 creatures vanquished.

Notes
Turn   | Place    | Note
--------------------------------------------------------------
     0 | D:1      | RKaid the Felid Warper began the quest for the Orb.
     0 | D:1      | Reached XP level 1. HP: 9/9 MP: 4/4
   293 | D:1      | HP: 1/9 [hobgoblin/club (3)]
   318 | D:1      | Slain by a bat

Action                   || total
-------------------------++-------
Melee: Unarmed           ||    18
  Eat: Chunk             ||     1
Dodge: Dodged            ||    14

Vault maps used:
D:1:      lemuel_arrival_room, minivault_25

Table legend:
 A = Turns spent in this place as a percentage of turns spent in the entire game.
 B = Non-inter-level travel turns spent in this place as a percentage of non-inter-level travel turns spent in the entire game.
 C = Inter-level travel turns spent in this place as a percentage of turns spent in this place.
 D = Turns resting spent in this place as a percentage of non-inter-level travel turns spent in this place.
 E = Turns spent auto-exploring this place as a percentage of non-inter-level travel turns spent in this place.
 F = Non-inter-level travel turns spent in this place divided by the number of levels of this place that you've seen.
                   A       B       C       D       E      F
               +-------+-------+-------+-------+-------+----------------------
         Total | 100.0 | 100.0 |   0.0 |   4.7 |   7.0 |  86.0
       Dungeon | 100.0 | 100.0 |   0.0 |   4.7 |   7.0 |  86.0
               +-------+-------+-------+-------+-------+----------------------

Table legend:
 A = Kills in this place as a percentage of kills in entire the game.
 B = Kills by you in this place as a percentage of kills by you in the entire game.
 C = Kills by friends in this place as a percentage of kills by friends in the entire game.
 D = Other kills in this place as a percentage of other kills in the entire game.
 E = Experience gained in this place as a percentage of experience gained in the entire game.
 F = Experience gained in this place divided by the number of levels of this place that you have seen.
                   A       B       C       D       E      F
               +-------+-------+-------+-------+-------+----------------------
         Total | 100.0 | 100.0 |  -nan |  -nan | 100.0 |   7.0
       Dungeon | 100.0 | 100.0 |  -nan |  -nan | 100.0 |   7.0
               +-------+-------+-------+-------+-------+----------------------
